 Dungeon Crawl Stone Soup version 0.18-a0-1729-g8b70789 (webtiles) character file.

86 Geeful the Chiller (level 4, 0/27 HPs)
             Began as an Octopode Ice Elementalist on Apr 10, 2016.
             Slain by Grinder (3 damage)
             ... on level 3 of the Dungeon.
             The game lasted 00:07:03 (3352 turns).

Geeful the Chiller (Octopode Ice Elementalist)      Turns: 3352, Time: 00:07:04

Health: 0/27       AC:  1    Str:  7    XL:     4   Next: 50%
Magic:  7/7        EV: 13    Int: 18    God:
Gold:   94         SH:  0    Dex: 12    Spells: 2 memorised, 4 levels left

rFire  . . .     SeeInvis .     r - +1 dagger (freeze)
rCold  . . .     Gourm    .     (no shield)
rNeg   . . .     Faith    .     (helmet restricted)
rPois  .         Spirit   .     (no amulet)
rElec  .         Dismiss  .     (no ring)
rCorr  .         Reflect  .     (no ring)
SustAt .         Harm     .     (no ring)
MR     .....                    (no ring)
Stlth  +++.......               (no ring)
                                (no ring)
                                (no ring)
                                (no ring)

@: not resistant to hostile enchantments, fairly stealthy
A: almost no armour, amphibious, 8 rings, constrict 8, camouflage 1, gelatinous
body 1
a: no special abilities


You were on level 3 of the Dungeon.
You were not hungry.

You visited 1 branch of the dungeon, and saw 3 of its levels.

You collected 94 gold pieces.

Inventory:

Hand Weapons
 r - a +1 dagger of freezing (weapon)
Missiles
 c - 73 stones (quivered)
Armour
 m - a +0 shield
Scrolls
 g - a scroll of remove curse
 l - a scroll of amnesia {unknown}
 p - a scroll of enchant weapon
Potions
 e - a potion of curing {unknown}
 f - 2 potions of flight
 h - a potion of berserk rage {unknown}
 i - a potion of lignification {unknown}
 j - a potion of heal wounds {unknown}
 o - 2 potions of brilliance
 q - a potion of agility {unknown}
 s - 2 potions of magic
Books
 a - a book of Frost

   Spells                             Type                      Level
   a - Freeze                         Ice                          1
   b - Throw Frost                    Conjuration/Ice              2
   c - Ozocubu's Armour               Charms/Ice                   3
   d - Throw Icicle                   Conjuration/Ice              4
   e - Summon Ice Beast               Ice/Summoning                4
Comestibles
 b - a bread ration
 k - 2 meat rations
 n - 4 chunks of flesh


   Skills:
 + Level 2.9 Dodging
 - Level 2.6 Stealth
 + Level 0.8 Shields
 + Level 2.6 Spellcasting
   Level 1.0 Conjurations
 * Level 4.0 Ice Magic


You had 4 spell levels left.
You knew the following spells:

 Your Spells              Type           Power        Failure   Level  Hunger
a - Freeze                Ice            ###.         3%          1    #......
b - Ozocubu's Armour      Chrm/Ice       #.......     24%         3    ###....


Dungeon Overview and Level Annotations

Branches:
Dungeon (3/15)

Altars:
Qazlal
Trog
Yredelemnul

Annotations:
D:3 Grinder


Innate Abilities, Weirdness & Mutations

You cannot wear most types of armour.
You are amphibious.
You can wear up to eight rings at the same time.
You can use your tentacles to constrict eight enemies at once.
Your skin changes colour to match your surroundings (Stealth).
Your rubbery body absorbs attacks (AC +1).


Message History

Grinder gestures at you. Pain shoots through your body!
* * * LOW HITPOINT WARNING * * *
You are too injured to fight recklessly!
Read which item? (? for menu, Esc to quit)
As you read the scroll labeled MAIQALATOTT, it crumbles to dust.
It is a scroll of enchant weapon.
Enchant which weapon? (? for menu, Esc to quit)
Your +0 dagger of freezing glows red for a moment.
You constrict Grinder. The quokka bites you.
* * * LOW HITPOINT WARNING * * *
Grinder closely misses you.
Read which item? (? for menu, Esc to quit)
As you read the scroll labeled FYSEZI OTOIST, it crumbles to dust.
The creatures around you are filled with an inner flame!
It was a scroll of immolation.
You constrict Grinder. The quokka bites you.
* * * LOW HITPOINT WARNING * * *
Grinder says, "Tell me all your secrets, or I'll kill you."
Grinder hits you.
You die...

#.........#
#######.###
#.# #.# ###
#.# ##
##... # #.#
#. .#.# ..
#.# #.#...
#.#.##
#5.r#
#....####@#
#.........#
##...######
##.## #.#
#.# #+#


You could see Grinder (inner flame) and a quokka (inner flame).

Vanquished Creatures
  2 gnolls (D:2)
  2 adders (D:2)
  A worm (D:2)
  A dart slug (D:1)
  A giant gecko (D:2)
  3 giant cockroaches
  5 goblins
  9 hobgoblins
  6 jackals (D:2)
  4 kobolds
  A ball python (D:2)
  A bat (D:1)
  A giant newt (D:1)
  3 rats
40 creatures vanquished.

Notes
Turn   | Place    | Note
--------------------------------------------------------------
     0 | D:1      | Geeful the Octopode Ice Elementalist began the quest for the Orb.
     0 | D:1      | Reached XP level 1. HP: 11/11 MP: 3/3
   318 | D:1      | Reached XP level 2. HP: 11/17 MP: 5/5
  1643 | D:2      | Reached XP level 3. HP: 20/21 MP: 3/6
  2404 | D:2      | Found a stormy altar of Qazlal.
  2444 | D:2      | Learned a level 3 spell: Ozocubu's Armour
  2817 | D:2      | Reached XP level 4. HP: 27/27 MP: 3/7
  2910 | D:2      | Reached skill level 4 in Ice Magic
  3251 | D:3      | Found a basalt altar of Yredelemnul.
  3251 | D:3      | Found a bloodstained altar of Trog.
  3348 | D:3      | Noticed Grinder
  3352 | D:3      | Slain by Grinder

Vault maps used:
D:1:      dpeg_arrival_simpleton_a, minmay_misc_feat_diagonals,
          hangedman_decor_growths, serial_bayou_pond_d
D:2:      lemuel_coloured_pillars_altar
D:3:      zin_purify, lemuel_doored_altar, overflow_temple_1_default,
          overflow_temple_1_default, gammafunk_temple_overflow_wave,
          uniq_grinder

Skill      XL: |  1  2  3  4 |
---------------+-------------+-----
Ice Magic      | 4 |  4.0
Dodging        | |  2.9
Stealth        | |  2.6
Shields        | |  0.8
Spellcasting   | |  2.6
Conjurations   | |  1.0

Action                   |  1- 3 |  4- 6 || total
-------------------------+-------+-------++-------
Melee: Unarmed           |    51 |       ||    51
       Dagger            |    23 |    26 ||    49
Throw: Stone             |     3 |     3 ||     6
 Cast: Freeze            |    18 |     2 ||    20
       Ozocubu's Armour  |     1 |     2 ||     3
  Use: Scroll            |     3 |     4 ||     7
 Stab: Sleeping          |     2 |     3 ||     5
       Distracted        |     1 |     1 ||     2
  Eat: Chunk             |     6 |     2 ||     8
